 Dungeon Crawl Stone Soup version 0.26-a0-712-ga5a9c9c9d0 (webtiles) character file.

Game seed: 10759448483286003143

543 Apogee the Chopper (level 7, -2/61 HPs)
             Began as a Minotaur Fighter on Nov 13, 2020.
             Was an Initiate of Gozag.
             Killed by divine providence
             ... invoked by an orc priest
              (8 damage)
             ... on level 4 of the Dungeon.
             The game lasted 00:03:13 (3426 turns).

Apogee the Chopper (Minotaur Fighter)               Turns: 3426, Time: 00:03:14

Health: -2/61      AC:  8    Str: 22    XL:     7   Next: 6%
Magic:  6/6        EV:  7    Int:  5    God:    Gozag
Gold:   554        SH: 10    Dex: 10    Spells: 6/6 levels left

rFire    . . .     SeeInvis .   a - +0 war axe
rCold    . . .     Faith    .   c - +0 kite shield
rNeg     . . .     Spirit   .   b - +0 scale mail
rPois    .         Reflect  .   (helmet restricted)
rElec    .         Harm     .   (no cloak)
rCorr    .         Rampage  .   o - +0 pair of gloves
MR       .....                  (no boots)
Stlth    ..........             (no amulet)
HPRegen  0.20/turn              (no ring)
MPRegen  0.10/turn              (no ring)

@: mighty, lethally poisoned (-2 -> -5)
A: retaliatory headbutt, horns 2
a: Potion Petition, Call Merchant, Bribe Branch, Renounce Religion


You were on level 4 of the Dungeon.
You worshipped Gozag.
Gozag was pleased with you.
You visited 1 branch of the dungeon, and saw 4 of its levels.

You collected 578 gold pieces.
You paid 24 gold pieces to Gozag.

Inventory:

Hand Weapons
 a - a +0 war axe (weapon)
Armour
 b - a +0 scale mail (worn)
 c - a +0 kite shield (worn)
 o - a +0 pair of gloves (worn)
   (You found it on level 2 of the Dungeon)
 v - the +0 leather armour of Surprise {Harm rC+ Dex+3, unknown}
   (You found it on level 4 of the Dungeon)

   It affects your dexterity (+3).
   It protects you from cold.
   It increases damage dealt and taken.
Jewellery
 f - an uncursed ring of positive energy {unknown}
   (You found it on level 1 of the Dungeon)
Scrolls
 e - 2 scrolls of teleportation {unknown}
 h - 2 scrolls of identify {unknown}
 i - a scroll of enchant weapon {unknown}
 j - 3 scrolls of noise {unknown}
 k - 3 scrolls of remove curse {unknown}
 q - 2 scrolls of magic mapping {unknown}
 t - a scroll of immolation {unknown}
Potions
 g - 2 potions of curing {unknown}
 l - a potion of ambrosia {unknown}
 m - a potion of haste {unknown}
 n - a potion of invisibility {unknown}
 p - a potion of brilliance {unknown}
 r - a potion of resistance {unknown}
 s - a potion of degeneration {unknown}
 u - a potion of lignification {unknown}


   Skills:
 + Level 5.4 Fighting
 * Level 6.1 Axes
 + Level 5.3 Armour
 + Level 5.4 Shields


You had 6 spell levels left.
You didn't know any spells.
Your spell library was empty.

Dungeon Overview and Level Annotations

Branches:
Dungeon (4/15)
 Temple: D:4-7

Altars:
Gozag
Hepliaklqana
Qazlal
Xom
Yredelemnul


Innate Abilities, Weirdness & Mutations

You reflexively headbutt those who attack you in melee.
You have a pair of horns on your head.


Message History

You are more poisoned.
The orc priest calls upon Beogh to heal the orc wizard.
The orc wizard is healed somewhat.
You hear a shout!
You barely miss the orc wizard.
You feel sick. The orc wizard casts a spell at you.
You resist with some effort.
You hit the orc wizard.
You feel sick.
An orc comes into view. It is wielding a +0 club.
The orc wizard hits you but does no damage.
The orc moves out of view.
You closely miss the orc wizard. You headbutt the orc wizard.
You kill the orc wizard!
You have reached level 7!
You feel sick.
The orc priest mumbles some strange prayers to Beogh against you.
Pain shoots through your body!
* * * LOW HITPOINT WARNING * * *
You swing at nothing.
You feel sick. You block the worker ant's attack.
You slash the worker ant!
You feel sick. You block the worker ant's attack.
You hit the worker ant.
You kill the worker ant!
You feel sick.
The orc becomes distracted by the nearby gold, dreaming of imaginary riches.
You hit the orc priest but do no damage.
Your headbutt misses the orc priest.
You feel sick.
The orc priest hits you with a +0 flail.
* * * LOW HITPOINT WARNING * * *
You hit the orc priest but do no damage.
You feel sick.
The orc is no longer distracted by gold.
The orc priest hits you but does no damage.
You barely miss the orc priest.
You feel sick.
The orc priest hits you with a +0 flail.
* * * LOW HITPOINT WARNING * * *
You closely miss the orc priest.
You feel sick.
The orc priest becomes distracted by the nearby gold, dreaming of imaginary riches.
Unknown command.
You feel very mighty all of a sudden.
You feel sick.
The orc priest is no longer distracted by gold.
The orc priest closely misses you.
You slash the orc priest!
You feel sick.
The orc priest hits you with a +0 flail.
* * * LOW HITPOINT WARNING * * *
You barely miss the orc priest. You headbutt the orc priest.
You feel sick.
The orc priest invokes the aid of Beogh against you.
Beogh smites you!
You die...
Your body crumbles into a pile of gold.

#. ##.# #.#... #.o.. $
#.........# #.oo# #.#.
#.........# #.o.###.#. ..
#.........# #$........ ..
#.........# #.........#.
#.........#####.####.....
#............@oo........#
#..........####.#######.######
#................#####...<....
#..........##.#.........#...#.
##'##########.########..#.###
#.# #...........#.# #####.#
###########.#.# ......#
........#.#.# ####..#
#######.#.#.###.


You could see an orc priest and an orc.

Vanquished Creatures
  An ogre (D:4)
  A hound (D:4)
  An orc priest (D:3)
  5 orc wizards
  A worker ant (D:4)
  3 gnolls (D:2)
  8 adders
  An ooze (D:3)
  6 worms
  4 dart slugs
  2 leopard geckos (D:2)
  19 orcs
  4 giant cockroaches
  7 goblins
  6 hobgoblins
  6 kobolds
  A quokka (D:3)
  3 ball pythons
  9 bats
  17 rats
105 creatures vanquished.

Notes
Turn   | Place    | Note
-------+----------+-------------------------------------------
     0 | D:1      | Apogee the Minotaur Fighter began the quest for the Orb.
     0 | D:1      | Reached XP level 1. HP: 19/19 MP: 0/0
   207 | D:1      | Reached XP level 2. HP: 27/27 MP: 1/1
   357 | D:1      | Reached skill level 3 in Axes
   791 | D:2      | Reached XP level 3. HP: 22/33 MP: 2/2
  1147 | D:2      | Reached XP level 4. HP: 40/40 MP: 3/3
  1260 | D:2      | Reached skill level 4 in Axes
  1317 | D:2      | Found a basalt altar of Yredelemnul.
  1317 | D:2      | Found an opulent altar of Gozag.
  1340 | D:2      | Found a shimmering altar of Xom.
  1344 | D:2      | Found a hazy altar of Hepliaklqana.
  1349 | D:2      | Became a worshipper of Gozag Ym Sagoz the Greedy
  1468 | D:2      | Found a stormy altar of Qazlal.
  1566 | D:3      | Reached XP level 5. HP: 35/47 MP: 4/4
  1888 | D:3      | Reached skill level 5 in Axes
  2072 | D:3      | Reached XP level 6. HP: 55/55 MP: 5/5
  2352 | D:3      | Reached skill level 5 in Fighting
  2776 | D:3      | Reached skill level 5 in Shields
  3103 | D:4      | Reached skill level 5 in Armour
  3378 | D:4      | Got a polished leather armour
  3392 | D:4      | Reached skill level 6 in Axes
  3416 | D:4      | Reached XP level 7. HP: 36/61 MP: 6/6
  3426 | D:4      | Killed from afar by an orc priest

Illustrated notes

Levels and vault maps discovered:
D:1:      mainiacjoe_arrival_reflecting_pool, layout_basic
D:2:      layout_rooms, grunt_temple_overflow_open, lemuel_round_altar
D:3:      layout_basic
D:4:      layout_basic, minmay_misc_feat_ornament

Skill      XL: |  1  2  3  4  5  6 |
---------------+-------------------+-----
Axes           | 3 4 5 6 |  6.1
Armour         | 4 5 |  5.3
Fighting       | 4 5 |  5.4
Shields        | 4 5 |  5.4

Action                   |  1- 3 |  4- 6 |  7- 9 || total
-------------------------+-------+-------+-------++-------
Melee: War axe           |    62 |   182 |     8 ||   252
       Headbutt          |    10 |    34 |     1 ||    45
  Use: Potion            |       |       |     1 ||     1
 Stab: Distracted        |       |     2 |       ||     2
Armor: Scale mail        |    29 |    90 |     1 ||   120
Dodge: Dodged            |    19 |    39 |     1 ||    59
Block: Kite shield       |    19 |    88 |     2 ||   109

Table legend: (Time is in decaauts)
 A = Elapsed time spent in this place.
 B = Non-inter-level travel time spent in this place.
 C = Inter-level travel time spent in this place.
 D = Time resting spent in this place.
 E = Time spent auto-exploring this place.
 F = Levels seen in this place.
 G = Mean time per level.
                   A        B        C        D        E       F      G
               +--------+--------+--------+--------+--------+-----+--------+
         Total |   3518 |   3433 |     85 |    190 |   2575 |   4 |  879.5 |
       Dungeon |   3518 |   3433 |     85 |    190 |   2575 |   4 |  879.5 |
               +--------+--------+--------+--------+--------+-----+--------+

Top non-repeatable levels by time:
     D:3: 1361 daAuts
     D:2: 1010 daAuts
     D:1: 789 daAuts
     D:4: 357 daAuts
